cohdb
Replays
Latest Replays
All Replays
Popular Replays
Top Player Replays
Match Explorer
How It Works
Community
CoH3 Stats
Reddit
Sign in to upload your games and track your stats! →
Sign in with Steam
Match 42193848
Unlisted
Match 42193848
Overview
Messages
Build Orders
End
Kradschützen Motorcycle Team
Panzerpioneer Squad
Selects Panzerjäger Kommand Battlegroup
Selects Blockade Equipment
250 Light Carrier
Construct Light Support Kompanie
Assault Grenadier Squad
Panzerjäger Squad
Assault Grenadier Squad
Fire Support Elements
Flakvierling Half-track
Vehicle Survival Package
Selects Tank Busters
Pak 38 Mechanized Group
Panzerjäger Squad
2.5-tonne Medical Truck
Selects Defensive Positions
Selects Butterfly Bomb Drop
le.IG 18 Support Gun Team
Butterfly Bomb Drop
Veteran Squad Leaders
Assault Grenadier Squad
Butterfly Bomb Drop
Construct Panzerarmee Kommand
Selects Crew Shock Tactics
Armored Reserves
Panzer IV Assault Group
Butterfly Bomb Drop
Emergency Repair Kits
Tungsten Core Ammunition
Crew Shock Tactics
Butterfly Bomb Drop
AllFillaNoScrilla
T4dwarfman
dan legend
Hunter
0
0
Comments
sign in to comment!
No comments posted yet!